 Dungeon Crawl Stone Soup version 0.23-a0-38-g6d804a8 (webtiles) character file.

39 Amnesiac the Magician (level 3, -1/24 HPs)
             Began as a Mummy Air Elementalist on Aug 5, 2018.
             Slain by an adder (2 damage)
             ... on level 1 of the Dungeon.
             The game lasted 00:02:29 (1060 turns).

Amnesiac the Magician (Mummy Air Elementalist)      Turns: 1060, Time: 00:02:30

Health: -1/24      AC:  4    Str: 11    XL:     3   Next: 28%
Magic:  0/7        EV: 12    Int: 15    God:
Gold:   71         SH:  0    Dex: 12    Spells: 6/7 levels left

rFire    x . .     SeeInvis .   (no weapon)
rCold    + . .     Gourm    .   (no shield)
rNeg     + + +     Faith    .   a - +0 robe
rPois    ∞         Spirit   .   (no helmet)
rElec    .         Reflect  .   c - +0 cloak
rCorr    .         Harm     .   e - +0 pair of gloves
MR       .....                  (no boots)
Stlth    ++........             (no amulet)
HPRegen  0.08/turn              (no ring)
MPRegen  0.10/turn              (no ring)

@: no status effects
A: no food or potions, fire vulnerability, cold resistance 1, negative energy
resistance 3, torment resistance, unbreathing
a: no special abilities


You were on level 1 of the Dungeon.
You were not hungry.

You visited 1 branch of the dungeon, and saw 2 of its levels.

You collected 71 gold pieces.

Inventory:

Armour
 a - a +0 robe (worn)
 c - a +0 cloak (worn)
 e - a +0 pair of gloves (worn)
Scrolls
 b - a scroll of identify {!r, unknown}
 d - 2 scrolls of amnesia {!r, unknown}
 f - a scroll of immolation {!r, unknown}


   Skills:
 - Level 1.5 Dodging
 - Level 1.5 Stealth
 - Level 2.6 Spellcasting
 * Level 2.5 Conjurations
 - Level 2.6 Air Magic


You had 6 spell levels left.
You knew the following spells:

 Your Spells              Type           Power        Failure   Level  Hunger
a - Shock                 Conj/Air       #...         8%          1    N/A

Your spell library contained the following spells:

 Spells                   Type           Power        Failure   Level  Hunger
 Lightning Bolt           Conj/Air       #.........   90%         5    N/A
 Swiftness                Chrm/Air       #.......     19%         2    N/A
 Airstrike                Air            #.........   56%         4    N/A
 Static Discharge         Conj/Air       #.......     22%         3    N/A

Dungeon Overview and Level Annotations

Branches:
Dungeon (2/15)

Altars:


Innate Abilities, Weirdness & Mutations

You do not eat or drink.
Your flesh is vulnerable to fire.
You are immune to poison.
Your flesh is cold resistant. (rC+)
You are immune to negative energy. (rN+++)
You are immune to unholy pain and torment.
You can survive without breathing.


Message History

* * * LOW HITPOINT WARNING * * *
The leopard gecko bites you but does no damage.
The leopard gecko barely misses you. The leopard gecko barely misses you.
The adder bites you but does no damage. The leopard gecko barely misses you.
The adder bites you but does no damage. The leopard gecko misses you.
The leopard gecko misses you. The leopard gecko closely misses you.
The adder bites you but does no damage.
Your magical contamination has completely faded away.
The leopard gecko bites you.
* * * LOW HITPOINT WARNING * * *
There is a stone staircase leading up here.
The leopard gecko barely misses you. The adder bites you.
* * * LOW HITPOINT WARNING * * *
You climb upwards.
There is a stone staircase leading down here.
Casting: Shock (safe; 8% risk of failure)
Confirm with . or Enter, or press ? or * to list all spells.
Aiming: Shock (safe; 8% risk of failure)
Press: ? - help, Shift-Dir - straight line The zap hits the adder.
The adder is heavily wounded.
The zap misses the adder.
The adder barely misses you. The leopard gecko closely misses you.
Unknown command.
You barely miss the adder.
The adder is heavily wounded.
The adder closely misses you. The leopard gecko closely misses you.
You barely miss the adder.
The adder is heavily wounded.
The adder bites you.
* * * LOW HITPOINT WARNING * * *
The leopard gecko closely misses you. The adder barely misses you.
The leopard gecko closely misses you.
You hit the adder but do no damage.
The adder is heavily wounded.
The adder bites you.
* * * LOW HITPOINT WARNING * * *
The leopard gecko barely misses you.
You barely miss the adder.
The adder is heavily wounded.
The adder misses you. The leopard gecko closely misses you.
Unknown command.
You closely miss the adder.
The adder is heavily wounded.
The adder bites you but does no damage.
The leopard gecko bites you but does no damage.
The adder barely misses you.
Unknown command.
Casting: Shock (safe; 8% risk of failure)
Confirm with . or Enter, or press ? or * to list all spells.
Aiming: Shock (safe; 8% risk of failure)
Press: ? - help, Shift-Dir - straight line The zap hits the adder.
The adder is severely wounded.
The zap misses the adder.
The leopard gecko bites you.
* * * LOW HITPOINT WARNING * * *
The adder misses you.
Unknown command.
You closely miss the adder.
The adder is severely wounded.
The leopard gecko barely misses you. The adder bites you.
You die...

###.##.....##....###
#......####.####..
#...........####.#
####...##.#####...#
#.....(...##....### ######
#######.#.#####....##..#
#....####.........# ##.#####.##
#.........######S## #...# #.'.
#....###### #@# #####...# #.'.
...### #l###.......# #### .###
#####.##..#####.#### .#
#...%....## #....# .#
########.#...#### #..#.# ##
##.....#.....## ##.#.###
####............)##########(#....
..(.....(.............)(....)...÷
###).....>>.......##########..###


You could see an adder and a leopard gecko.

Vanquished Creatures
  2 oozes
  2 dart slugs (D:1)
  A leopard gecko (D:1)
  3 bats (D:1)
  5 goblins (D:1)
  4 hobgoblins (D:1)
  3 kobolds (D:1)
  2 frilled lizards (D:2)
  3 rats
25 creatures vanquished.

Notes
Turn   | Place    | Note
-------+----------+-------------------------------------------
     0 | D:1      | Amnesiac the Mummy Air Elementalist began the quest for the Orb.
     0 | D:1      | Reached XP level 1. HP: 13/13 MP: 4/4
    63 | D:1      | Reached skill level 1 in Conjurations
   133 | D:1      | Reached XP level 2. HP: 4/19 MP: 3/5
   868 | D:1      | Reached XP level 3. HP: 24/24 MP: 1/7
  1059 | D:1      | HP: 1/24 [leopard gecko (2)]
  1060 | D:1      | Slain by an adder

Vault maps used:
D:1:      lightli_arrival_lavapool
D:2:      nicolae_ru_great_annihilating_truth, overflow_temple_1_default

Skill      XL: |  1  2 |
---------------+-------+-----
Conjurations   | 1 2 |  2.5
Dodging        | |  1.5
Stealth        | |  1.5
Spellcasting   | |  2.6
Air Magic      | |  2.6

Action                   || total
-------------------------++-------
Melee: Unarmed           ||    37
 Cast: Shock             ||    50
Armor: Robe              ||    33
Dodge: Dodged            ||    68

Table legend:
 A = Spawn XP
 B = Non-spawn XP
 C = Spawn XP percentage of total XP
 D = Spawn monster count
 E = Non-spawn monster count
 F = Spawn count percentage of total count
 G = Total turns spent on level
                    A         B        C        D         E        F      G
               +---------+---------+-------+---------+---------+-------+---------
         Total |       0 |      57 |   0.0 |       0 |      25 |   0.0 |  1060
               +---------+---------+-------+---------+---------+-------+---------
           D:1 |       0 |      47 |   0.0 |       0 |      21 |   0.0 |  1026
           D:2 |       0 |      10 |   0.0 |       0 |       4 |   0.0 |    34
               +---------+---------+-------+---------+---------+-------+---------
